 Dungeon Crawl Stone Soup version 0.27-a0-1202-ge72e49191c (webtiles) character file.

Game seed: 15428708355777634218

162 27snakeeyes612 the Chopper (level 5, 0/73 HPs)
             Began as a Naga Fighter on June 4, 2021.
             Slain by a gnoll
             ... wielding a +0 spear
              (2 damage)
             ... on level 3 of the Dungeon.
             The game lasted 00:02:13 (3782 turns).

27snakeeyes612 the Chopper (Naga Fighter)           Turns: 3782, Time: 00:02:13

Health: 0/73       AC:  5    Str: 19    XL:     5   Next: 43%
Magic:  5/5        EV:  5    Int:  9    God:
Gold:   121        SH:  9    Dex: 10    Spells: 4/4 levels left

rFire    . . .     SeeInvis +   a - +0 war axe
rCold    . . .     Faith    .   c - +0 kite shield
rNeg     . . .     Spirit   .   b - +0 scale mail
rPois    +         Reflect  .   (no helmet)
rElec    .         Harm     .   (no cloak)
rCorr    .         Rampage  .   (no gloves)
Will     .....                  (no barding)
Stlth    ..........             (no amulet)
HPRegen  0.22/turn              (no ring)
MPRegen  0.09/turn              (no ring)

@: berserking (expiring), quick
A: AC +1, large, see invisible, deformed body, poison resistance, slowness 2,
spit poison 1, naga tail 1
a: Spit Poison


You were on level 3 of the Dungeon.
You visited 1 branch of the dungeon, and saw 3 of its levels.

You collected 121 gold pieces.

Inventory:

Hand Weapons
 a - a +0 war axe (weapon)
Armour
 b - a +0 scale mail (worn)
 c - a +0 kite shield (worn)
Jewellery
 l - an amulet of the acrobat
Scrolls
 e - 2 scrolls of amnesia {unknown}
 g - a scroll of noise {unknown}
 h - 2 scrolls of identify {unknown}
 i - 2 scrolls of vulnerability {unknown}
 k - a scroll of torment {unknown}
Potions
 d - a potion of might


   Skills:
 + Level 3.3 Fighting
 + Level 3.7 Axes
 + Level 3.2 Armour
 + Level 0.5 Dodging
 + Level 3.0 Shields


You had 4 spell levels left.
You didn't know any spells.
Your spell library was empty.

Dungeon Overview and Level Annotations

Branches:
Dungeon (3/15)

Altars:


Innate Abilities, Weirdness & Mutations

Your serpentine skin is tough. (AC +1)
You have supernaturally acute eyesight. (SInv)
Armour fits poorly on your strangely shaped body.
Your system is resistant to poisons. (rPois)
You cover ground very slowly.
You can spit poison.
You have a snake-like lower body.


Message History

The gnoll hits you from afar with a +0 spear.
* * * LOW HITPOINT WARNING * * *
The orc hits you with a +1 flail of protection!
* * * LOW HITPOINT WARNING * * *
You shred the net and break free! You block the gnoll's attack. x2
The orc hits you with a +1 flail of protection.
* * * LOW HITPOINT WARNING * * *
The orc hits you but does no damage. The gnoll hits you with a +0 whip.
* * * LOW HITPOINT WARNING * * *
It was a potion of curing.
You feel better. The orc hits you but does no damage.
The gnoll hits you but does no damage.
The gnoll hits you from afar with a +0 spear.
* * * LOW HITPOINT WARNING * * *
You feel better.
The orc hits you with a +1 flail of protection!
* * * LOW HITPOINT WARNING * * *
The gnoll barely misses you.
The gnoll hits you from afar with a +0 spear.
* * * LOW HITPOINT WARNING * * *
The orc completely misses you.
It was a potion of magic.
Magic courses through your body. The orc barely misses you.
It was a potion of berserk rage.
A red film seems to cover your vision as you go berserk!
You feel yourself moving faster!
You feel mighty!
The orc hits you with a +1 flail of protection!
* * * LOW HITPOINT WARNING * * *
You feel a strong urge to attack something.
You slash the orc!
You kill the orc!
You block the gnoll's attack. x2
Things that are here:
a +1 flail of protection; an orc corpse You barely miss the gnoll.
You block the gnoll's attack. The gnoll hits you but does no damage.
You slash the gnoll!
The gnoll is almost dead.
The gnoll barely misses you.
The gnoll hits you from afar with a +0 spear.
You die...

≈≈≈....≈≈≈≈≈≈≈≈≈≈≈≈≈≈≈≈≈≈≈....#..
........................P.....#.#
#.....).#..........#####.....#.##
#.....).#..........## #.##....##
#.####g##...........####.##.#.###
#.####.##...........#............
#)#..#.###########.....))...#.##.
#.##.......########....).........
#.###.........gg@.............###
#.###.........####...#...........
...................#.........####
.....####..)########...#...#####.
#.#### ###...# ##........##...
#.# ###.#####.............. #.#
#....##.....<.......# #.#
####..#.##.......#### #.#
#.............###


You could see 2 gnolls.

Vanquished Creatures
  An orc wizard (D:3)
  A gnoll (D:3)
  4 adders
  2 dart slugs (D:2)
  10 orcs
  6 endoplasms
  3 giant cockroaches
  5 goblins
  6 hobgoblins
  12 jackals
  2 quokkas (D:1)
  5 ball pythons
  2 frilled lizards (D:1)
  7 kobolds
  9 rats
75 creatures vanquished.

Notes
Turn   | Place    | Note
-------+----------+-------------------------------------------
     0 | D:1      | 27snakeeyes612 the Naga Fighter began the quest for the
                  | Orb.
     0 | D:1      | Reached XP level 1. HP: 21/21 MP: 1/1
   625 | D:1      | Reached XP level 2. HP: 25/28 MP: 2/2
   801 | D:1      | Found a faded altar of an unknown god.
   974 | D:1      | Reached XP level 3. HP: 30/34 MP: 3/3
  2569 | D:2      | Reached XP level 4. HP: 42/42 MP: 4/4
  3228 | D:3      | Reached XP level 5. HP: 45/49 MP: 5/5
  3777 | D:3      | HP: 1/73 [orc/+1 flail of protection (10)]
  3782 | D:3      | Slain by a gnoll

Illustrated notes

Levels and vault maps discovered:
D:1:      heliophobic_arrival_henge, layout_basic,
          ebering_ecumenical_altar_sacrificial, fountainhead,
          chequers_serial_rivers_micro_a
D:2:      layout_loops_ring
D:3:      lemuel_castle_with_subvaults [lemuel_castle_interior_carwin_1],
          layout_rooms, grunt_ministairs_4

Skill      XL: |  1  2  3  4  5 |
---------------+----------------+-----
Axes           | 3 |  3.7
Armour         | 3 |  3.2
Shields        | 3 |  3.0
Fighting       | |  3.3
Dodging        | |  0.5

Action                   |  1- 3 |  4- 6 || total
-------------------------+-------+-------++-------
Melee: War axe           |   135 |   102 ||   237
  Use: Potion            |       |     4 ||     4
Armor: Scale mail        |    51 |    64 ||   115
Dodge: Dodged            |    25 |    36 ||    61
Block: Kite shield       |    64 |    77 ||   141

Table legend: (Time is in decaauts)
 A = Elapsed time spent in this place.
 B = Non-inter-level travel time spent in this place.
 C = Inter-level travel time spent in this place.
 D = Time resting spent in this place.
 E = Time spent auto-exploring this place.
 F = Levels seen in this place.
 G = Mean time per level.
                   A        B        C        D        E       F      G
               +--------+--------+--------+--------+--------+-----+--------+
         Total |   4649 |   4510 |    139 |    140 |   3734 |   3 | 1549.7 |
       Dungeon |   4649 |   4510 |    139 |    140 |   3734 |   3 | 1549.7 |
               +--------+--------+--------+--------+--------+-----+--------+

Top non-repeatable levels by time:
     D:2: 1905 daAuts
     D:1: 1902 daAuts
     D:3: 841 daAuts
